AoeStats
← Grospoilu

Four Lakes

508428562Analyzed
1v1 RM · 9d ago on Sep 22, 2026· 14m 18s· 2 players
Game mode
Random Map
Map size
Tiny (2 player)
Population
200
Speed
Normal
Resources
Standard
Victory
Conquest
Starting age
Dark Age
Ending age
Imperial Age
RankedLock teamsTeams togetherTeam positionsShared explorationLock speedFull tech treeHidden civsTurbo modeCheats
Victory
Defeat
🇫🇷 Khmer · France
1127
+17
🇨🇳 Lithuanians · China
1159
-17
Grospoilu
7:18 Loom
10:11 Feudal Age
xxlsxok
8:25 Loom
10:38 Feudal Age
11:35 Double-Bit Axe
14:19 Wheelbarrow
14:08 Forging
14:11 Bloodlines
Connection lost

Rejoining the realm…

Still unreachable

The connection could not be restored.

Session expired

The server has moved on; the page needs a fresh start.